 Dungeon Crawl Stone Soup version 0.14-a0-2592-g262d02f (webtiles) character file.

237 CrazyArbalest the Bolt Thrower (level 5, 0/37 HPs)
             Began as a Demonspawn Hunter on Feb 12, 2014.
             Succumbed to an adder's poison
             ... on Level 2 of the Dungeon.
             The game lasted 00:10:42 (1998 turns).

CrazyArbalest the Bolt Thrower (Demonspawn Hunter)  Turns: 1998, Time: 00:10:42

HP   0/37        AC  6     Str 13      XL: 5   Next: 25%
MP   5/5         EV 12     Int 12      God:
Gold 68          SH  0     Dex 14      Spells:  0 memorised,  4 levels left

rFire  . . .     SeeInvis .     a - +2,+1 whip
rCold  . . .     Clarity  .     d - +0 leather armour
rNeg   . . .     Conserve .     (no shield)
rPois  .         rCorr    .     (no helmet)
rElec  .         rRot     .     (no cloak)
SustAb . .       Spirit   .     (no gloves)
rMut   .         Warding  .     (no boots)
Saprov . . .     Stasis   .     (no amulet)
MR     .....                    (no ring)
                                (no ring)

@: mildly poisoned, not resistant to hostile enchantments, unstealthy
A: claws 1, yellow scales 2, powered by death 1
a: no special abilities


You were on level 2 of the Dungeon.
You were not hungry.

You visited 1 branch of the dungeon, and saw 2 of its levels.

You collected 68 gold pieces.

Inventory:

Hand weapons
 a - a +2,+1 whip (weapon)
 b - a +1,+1 crossbow
 m - a +0,+0 short sword
 n - a +0,+0 mace
Missiles
 c - 19 bolts
 q - 13 bolts of flame
Armour
 d - a +0 leather armour (worn)
Comestibles
 f - 2 bread rations
 j - a pear
 k - a rotting chunk of quokka flesh
 l - a rotting chunk of rat flesh
 r - a rotting chunk of goblin flesh
 s - 2 rotting chunks of jackal flesh
 t - a rotting chunk of hobgoblin flesh
 u - a chunk of bat flesh
 v - a chunk of giant gecko flesh
 w - a chunk of adder flesh
 z - a chunk of goblin flesh
 A - a chunk of adder flesh
Scrolls
 e - 2 scrolls of remove curse {unknown}
 g - a scroll of enchant armour {unknown}
 h - a scroll of identify {unknown}
 i - 3 scrolls of curse jewellery {unknown}
 o - a scroll of teleportation {unknown}
 p - a scroll of curse weapon {unknown}
Potions
 x - a potion of heal wounds {unknown}


   Skills:
 + Level 1.5 Fighting
 + Level 0.6 Short Blades
 + Level 0.5 Maces & Flails
 * Level 4.7 Crossbows
 + Level 1.9 Armour
 + Level 2.6 Dodging
 + Level 1.0 Stealth


You had 4 spell levels left.
You didn't know any spells.

Dungeon Overview and Level Annotations

Branches:
Dungeon (2/16)

Altars:


Innate Abilities, Weirdness & Mutations

You have sharp fingernails.
You are mostly covered in yellow scales (AC +3).
You can steal the life force of nearby defeated enemies.


Message History

You feel sick.
* * * LOW HITPOINT WARNING * * *
You feel sick.
* * * LOW HITPOINT WARNING * * *
You feel sick.
* * * LOW HITPOINT WARNING * * *
You feel sick.
* * * LOW HITPOINT WARNING * * *
You feel sick.
* * * LOW HITPOINT WARNING * * *
You feel sick.
* * * LOW HITPOINT WARNING * * *
You feel sick.
* * * LOW HITPOINT WARNING * * *
You feel sick.
* * * LOW HITPOINT WARNING * * *
You feel sick.
* * * LOW HITPOINT WARNING * * *
You feel sick.
You die...

#.. #.# #.# #.# ♣♣♣♣♣ #.#
♣♣♣♣♣♣ #.# ♣♣♣♣♣♣♣♣♣.♣♣
########.# #♣♣♣♣♣♣♣♣.♣..
..........####♣♣....).♣♣♣♣
.........@'..#♣(♣♣♣♣♣♣♣♣♣♣
....?.....##...♣♣♣♣♣♣♣♣♣
.........####♣♣♣♣
....?....# #♣♣♣ ........>#
........# +####### #♣♣♣♣♣♣


There were no monsters in sight!

Vanquished Creatures
  Terence (D:2)
  5 adders (D:2)
  4 gnolls (D:2)
  A giant mite (D:1)
  2 worms (D:2)
  2 giant geckos
  7 bats
  5 goblins
  6 hobgoblins
  2 jackals (D:2)
  A quokka (D:2)
  A ball python (D:1)
  A giant newt (D:2)
  5 kobolds
  11 rats
54 creatures vanquished.

Notes
Turn   | Place    | Note
--------------------------------------------------------------
     0 | D:1      | CrazyArbalest, the Demonspawn Hunter, began the quest for the Orb.
     0 | D:1      | Reached XP level 1. HP: 15/15 MP: 1/1
   327 | D:1      | Reached skill level 4 in Crossbows
   333 | D:1      | Gained mutation: You are partially covered in yellow scales (AC +2). [demonic ancestry]
   333 | D:1      | Reached XP level 2. HP: 12/21 MP: 2/2
   709 | D:2      | Gained mutation: You can steal the life force of nearby defeated enemies. [demonic ancestry]
   709 | D:2      | Reached XP level 3. HP: 18/26 MP: 3/3
  1133 | D:2      | Reached skill level 1 in Stealth
  1135 | D:2      | Gained mutation: You are mostly covered in yellow scales (AC +3). [demonic ancestry]
  1135 | D:2      | Reached XP level 4. HP: 32/32 MP: 4/4
  1173 | D:2      | Reached skill level 1 in Armour
  1536 | D:2      | Noticed Terence
  1542 | D:2      | Killed Terence
  1779 | D:2      | Gained mutation: You have sharp fingernails. [demonic ancestry]
  1779 | D:2      | Reached XP level 5. HP: 32/37 MP: 5/5
  1997 | D:2      | HP: 1/37 [poisoned by an adder]
  1998 | D:2      | Succumbed to an adder's poison

Action                   |  1- 3 |  4- 6 || total
-------------------------+-------+-------++-------
Melee: Short sword       |    91 |       ||    91
       Whip              |       |   166 ||   166
 Fire: Crossbow          |     9 |     5 ||    14
 Stab: Sleeping          |       |     1 ||     1
